 Dungeon Crawl Stone Soup version 0.28-a0-1356-g2ad6d04315 (webtiles) character file.

Game seed: 6497542142146645263

567 Teslajakalope the Skirmisher (level 7, -6/62 HPs)
             Began as a Minotaur Fighter on Dec 30, 2021.
             Was an Initiate of Makhleb.
             Mangled by an ogre (25 damage)
             ... on level 5 of the Dungeon.
             The game lasted 00:14:16 (4300 turns).

Teslajakalope the Skirmisher (Minotaur Fighter)     Turns: 4300, Time: 00:14:16

Health: -6/62      AC: 12    Str: 23    XL:     7   Next: 11%
Magic:  6/6        EV:  9    Int:  5    God:    Makhleb [......]
Gold:   267        SH:  5    Dex:  9    Spells: 6/6 levels left

rFire   . . .      SeeInvis .   a - +0 war axe
rCold   . . .      Faith    .   c - +0 buckler
rNeg    . . .      Spirit   .   b - +0 scale mail
rPois   .          Reflect  .   (helmet restricted)
rElec   .          Harm     .   (no cloak)
rCorr   .          Rampage  .   s - +2 pair of gloves
Will    .....                   j - +0 pair of boots
Stlth   ..........              (no amulet)
HPRegen 0.20/turn               (no ring)
MPRegen 0.10/turn               (no ring)

@: no status effects
A: horns 2, retaliatory headbutt
a: Renounce Religion


You were on level 5 of the Dungeon.
You worshipped Makhleb.
Makhleb was noncommittal.
You visited 1 branch of the dungeon, and saw 5 of its levels.

You collected 267 gold pieces.

Inventory:

Hand Weapons
 a - a +0 war axe (weapon)
Missiles
 e - 162 stones
 l - 11 poisoned darts (quivered)
Armour
 b - a +0 scale mail (worn)
 c - a +0 buckler (worn)
 j - a +0 pair of boots (worn)
 s - a +2 pair of gloves (worn)
Wands
 o - a wand of flame (17)
 p - a wand of mindburst (13)
Scrolls
 f - a scroll of fog {unknown}
 h - 4 scrolls of noise {unknown}
 k - a scroll of immolation {unknown}
 m - a scroll of identify {unknown}
 q - a scroll of summoning {unknown}
Potions
 d - a potion of might
 g - a potion of magic {unknown}
 i - a potion of resistance {unknown}
 n - 2 potions of lignification {unknown}
 r - a potion of flight {unknown}
 t - a potion of curing {unknown}


   Skills:
 + Level 5.9 Fighting
 + Level 5.0 Axes
 + Level 5.8 Armour
 + Level 5.8 Shields


You had 6 spell levels left.
You didn't know any spells.
Your spell library contained the following spells:

 Spells                   Type           Power      Damage    Failure   Level
 Summon Small Mammal      Summ           0%         N/A       77%         1
 Alistair's Intoxication  Tmut/Pois      0%         N/A       100%        5
 Borgnjor's Vile Clutch   Necr/Erth      0%         N/A       100%        5
 Summon Forest            Summ/Tloc      0%         N/A       100%        5
 Eringya's Noxious Bog    Tmut/Pois      0%         N/A       100%        6
 Summon Hydra             Summ           0%         N/A       100%        7


Dungeon Overview and Level Annotations

Branches:
Dungeon (5/15)             Temple (0/1) D:4

Altars:
Ashenzari
Cheibriados
Makhleb
The Shining One


Innate Abilities, Weirdness & Mutations

You have a pair of horns on your head.
You reflexively headbutt those who attack you in melee.


Message History

Press: ? - help, Q - select action, (/) - cycle Shift-Dir - straight line, f/p - worm
Aim: a worm (76% to hit)
You throw a poisoned dart.
The poisoned dart barely misses the worm.
You completely miss the worm. The worm bites you but does no damage.
You slash the worm! You headbutt the worm.
The worm is severely wounded.
The worm barely misses you.
You slash the worm!
You kill the worm!
Makhleb accepts your kill.
l - 8 poisoned darts (gained 2)
You see here a +0 club.
l - 9 poisoned darts (gained 1)
You see here an iguana corpse.
l - 10 poisoned darts (gained 1);
t - a sapphire potion A bullfrog skeleton comes into view.
The bullfrog skeleton moves out of view.
l - 11 poisoned darts (gained 1)
Found a viscous coppery potion.
The bullfrog skeleton hits you but does no damage.
You block the bullfrog skeleton's attack.
An ogre comes into view. It is wielding a +0 giant club.
The bullfrog skeleton hits you.
The ogre moves out of view.
You see here a poisoned dart.
You slash the bullfrog skeleton! You headbutt the bullfrog skeleton!
The bullfrog skeleton is severely damaged.
The bullfrog skeleton hits you but does no damage. x2
You slash the bullfrog skeleton!
You destroy the bullfrog skeleton!
Makhleb accepts your kill.
Your Axes skill increases to level 5!
You hit the ogre. You headbutt the ogre.
The ogre is moderately wounded.
The ogre hits you with a +0 giant club!!
You slash the ogre! You headbutt the ogre!
The ogre is severely wounded.
You slash the howler monkey zombie!
The ogre hits you with a +0 giant club!!
You die...

#####.# #########.(...###
#...............#
#.............#.#
#########.#####.# #
............#.#
#.###.#######.###.#.#
.......(......†.#.#.#
#.###...@#......#.#.#####
......ZO#####.##.#.....#
#....#...# #.............
..!..#.... #.#.###.####.#
..#. #.....#.#)# #.# #.#
. # #.....# #.# #.# ##.#
#.# ..#.....# #.# #.#
...# #.# ..#.....#
#.#.#.#.#### .######.##Z.
#####.#.#.#.#.#


You could see an ogre and a howler monkey zombie.

Vanquished Creatures
  A water moccasin (D:5)
  3 hounds (D:4)
  3 bullfrog skeletons
  Ijyb (D:3)
  An iguana (D:5)
  Terence (D:3)
  6 adders
  5 gnolls
  3 worms
  2 dart slugs
  4 orcs
  5 bats
  8 endoplasms
  4 giant cockroaches
  12 goblins
  5 hobgoblins
  15 jackals
  2 quokkas
  3 ball pythons
  4 frilled lizards
  6 kobolds
  6 rats
100 creatures vanquished.

Vanquished Creatures (others)
  A fungus (D:3)
  7 plants (D:1)
8 creatures vanquished.

Grand Total: 108 creatures vanquished

Notes
Turn   | Place    | Note
-------+----------+-------------------------------------------
     0 | D:1      | Teslajakalope the Minotaur Fighter began the quest for the
                  | Orb.
     0 | D:1      | Reached XP level 1. HP: 19/19 MP: 0/0
   103 | D:1      | Reached XP level 2. HP: 23/27 MP: 1/1
   416 | D:1      | Reached XP level 3. HP: 29/33 MP: 2/2
  1031 | D:2      | Reached XP level 4. HP: 36/41 MP: 3/3
  1627 | D:3      | Found a faded altar of an unknown god.
  1640 | D:3      | Got Plato's Volume of Creation
  2051 | D:3      | Noticed Terence
  2060 | D:3      | Reached XP level 5. HP: 47/47 MP: 4/4
  2070 | D:3      | Killed Terence
  2339 | D:3      | Found a glowing golden altar of the Shining One.
  2371 | D:3      | Noticed Ijyb
  2386 | D:3      | Killed Ijyb
  2615 | D:3      | Reached skill level 5 in Fighting
  2734 | D:3      | Found a burning altar of Makhleb.
  2740 | D:3      | Became a worshipper of Makhleb the Destroyer
  2778 | D:4      | Reached skill level 5 in Armour
  2781 | D:4      | Reached skill level 5 in Shields
  2896 | D:4      | Found a broken altar of Ashenzari.
  2928 | D:4      | Found a staircase to the Ecumenical Temple.
  2957 | D:4      | Identified the +7 quarterstaff "Okuschun" {vorpal, rN+
                  | rCorr Stlth+}
  3141 | D:4      | Reached XP level 6. HP: 53/54 MP: 5/5
  3880 | D:5      | Entered Level 5 of the Dungeon
  3884 | D:5      | Noticed a water moccasin
  3893 | D:5      | Killed a water moccasin
  4067 | D:5      | Found a snail-covered altar of Cheibriados.
  4256 | D:5      | Reached XP level 7. HP: 32/62 MP: 6/6
  4298 | D:5      | Reached skill level 5 in Axes
  4300 | D:5      | Mangled by an ogre

Illustrated notes

Levels and vault maps discovered:
D:1:      minmay_arrival_solitary_statue, layout_basic, nicolae_grassy_gnolls
D:2:      layout_loops_ring, minmay_pentomino_o4
D:3:      layout_loops_ring, nicolae_tso_swordbearing_angel,
          lightli_temple_of_fire, shapermc_ecumenical_altar_rom_forum,
          minmay_misc_feat_square, uniq_terence, uniq_ijyb
D:4:      layout_cave_pods, mainiacjoe_overflow_paths,
          minmay_temple_entry_large_hall, cheibrodos_gnoll_hut
D:5:      layout_basic, kennysheep_mini, minmay_manual_moon, uniq_grinder

Skill      XL: |  1  2  3  4  5  6  7 |
---------------+----------------------+-----
Shields        | 4 5 |  5.8
Fighting       | 4 5 |  5.9
Armour         | 4 5 |  5.8
Axes           | 3 4 5 |  5.0

Action                   |  1- 3 |  4- 6 |  7- 9 || total
-------------------------+-------+-------+-------++-------
Melee: War axe           |    90 |   125 |     7 ||   222
       Headbutt          |     7 |    14 |     4 ||    25
Throw: Stone             |       |    19 |       ||    19
       Dart              |       |       |     6 ||     6
Armor: Scale mail        |    45 |    63 |     4 ||   112
Dodge: Dodged            |    43 |    52 |     1 ||    96
Block: Buckler           |    24 |    30 |     1 ||    55

Table legend: (Time is in decaauts)
 A = Elapsed time spent in this place.
 B = Non-inter-level travel time spent in this place.
 C = Inter-level travel time spent in this place.
 D = Time resting spent in this place.
 E = Time spent auto-exploring this place.
 F = Levels seen in this place.
 G = Mean time per level.
                   A        B        C        D        E       F      G
               +--------+--------+--------+--------+--------+-----+--------+
         Total |   4374 |   4187 |    187 |    778 |   2219 |   5 |  874.8 |
       Dungeon |   4374 |   4187 |    187 |    778 |   2219 |   5 |  874.8 |
               +--------+--------+--------+--------+--------+-----+--------+

Top non-repeatable levels by time:
     D:3: 1207 daAuts
     D:4: 1152 daAuts
     D:1: 886 daAuts
     D:2: 726 daAuts
     D:5: 402 daAuts
